Map: Ruins of Seras

Players

herO

  • Race: Protoss Protoss

Snute - Winner!

  • Race: Zerg Zerg

Event: IEM Season 10 - Taipei

VOD

https://youtu.be/5P554a_8mT4?t=30m40s

Description

Time

  • Played on: Feb. 1, 2016, 12:31 a.m.
  • Length: 4:13

All games in this series

Show
View Real Time Build Order
Export as new Build Order

herO Protoss 

Build Orders: Nexus First 

Get SALT Encoding   

  12  0:01  Probe (Chrono Boost)  
  13  0:12  Probe (Chrono Boost)  
  14  0:18  Pylon  
  14  0:23  Probe (Chrono Boost)  
  15  0:52  Nexus  
  15  1:04  Gateway  
  15  1:07  Probe (Chrono Boost)  
  16  1:14  Assimilator  
  16  1:18  Probe (Chrono Boost)  
  17  1:22  Assimilator  
  17  1:28  Probe (Chrono Boost)  
  18  1:39  Probe (Chrono Boost)  
  19  1:50  Probe (Chrono Boost)  
  19  1:51  Cybernetics Core, Zealot (Chrono Boost)  
  22  2:00  Probe (Chrono Boost)  
  23  2:03  Probe (Chrono Boost)  
  24  2:11  Probe  
  25  2:17  Zealot (Chrono Boost)  
  27  2:24  Mothership Core  
  29  2:30  Pylon  
  29  2:40  Adept (Chrono Boost)  
  29  2:54  Gateway  
  29  2:56  Probe  
  30  3:01  Adept  
  32  3:13  Pylon  
  32  3:22  Pylon  
  32  3:26  Probe, Adept (Chrono Boost)  
  33  3:33  Probe  
  36  3:38  Probe  
  37  3:41  Adept (Chrono Boost)  
Show
View Real Time Build Order
Export as new Build Order

Snute Zerg - Winner!

Build Orders: Pool First 

Get SALT Encoding   

  12  0:00  Drone  
  13  0:08  Drone  
  14  0:18  Extractor  
  14  0:19  Drone  
  14  0:32  Spawning Pool  
  13  0:36  Drone  
  14  0:46  Drone, Extractor  
  15  0:51  Overlord  
  15  1:19  Metabolic Boost, Queen  
  15  1:21  Zergling x2  
  15  1:23  Zergling x2  
  19  1:26  Zergling x2  
  20  1:33  Zergling x2  
  21  1:43  Zergling x2  
  22  1:57  Hatchery  
  21  2:03  Overlord  
  21  2:07  Zergling x2  
  23  2:22  Zergling x2  
  23  2:27  Zergling x6  
  26  2:33  Zergling x2  
  27  2:42  Zergling x2  
  27  2:52  Overlord  
  27  2:59  Zergling x4  
  29  3:08  Queen  
  29  3:11  Zergling x6  
  33  3:16  Zergling x2  
  32  3:20  Zergling x2  
  32  3:25  Zergling x2  
  34  3:33  Drone  
  36  3:34  Drone  
  36  3:46  Drone x2  
  37  3:48  Drone x2  
  37  3:50  Drone  
  37  3:54  Drone  
  40  3:55  Drone  

Tags
 
Add a new tag
Caveats
  • Supply blocks, unpowered buildings, or Contaminate may cause inaccurate times.
  • Supply counts are checked every 10 seconds.